 Dungeon Crawl Stone Soup version 0.29.0-4-gdea44cf6ec (webtiles) character file.

Game seed: 5002184298955294113

41 qw the Chopper (level 3, -3/21 HPs)
             Began as a Tengu Warper on Aug 28, 2022.
             Slain by a worm (10 damage)
             ... on level 2 of the Dungeon.
             The game lasted 00:00:07 (1377 turns).

qw the Chopper (Tengu Warper)                       Turns: 1377, Time: 00:00:07

Health: -3/21      AC:  3    Str: 13    XL:     3   Next: 52%
Magic:  7/7        EV: 12    Int: 13    God:
Gold:   16         SH:  0    Dex: 13    Spells: 6/6 levels left

rFire   . . .      SeeInvis .   Y - +0 hand axe
rCold   . . .      Faith    .   (no shield)
rNeg    . . .      Spirit   .   b - +0 leather armour
rPois   .          Reflect  .   (helmet restricted)
rElec   .          Harm     .   (no cloak)
rCorr   .          Rampage  .   (no gloves)
Will    .....                   (boots unavailable)
Stlth   +.........              (no amulet)
HPRegen 0.07/turn               (no ring)
MPRegen 0.10/turn               (no ring)

@: no status effects
A: beak, talons 3
a: no special abilities


You were on level 2 of the Dungeon.
You visited 1 branch of the dungeon, and saw 2 of its levels.

You collected 16 gold pieces.


Innate Abilities, Weirdness & Mutations

You have a beak for a mouth.
You have claws for feet.


   Skills:
 - Level 2.0 Fighting
 + Level 4.2 Axes
 - Level 1.0 Throwing
 - Level 1.1 Armour
 - Level 2.1 Dodging
 - Level 2.0 Spellcasting
 - Level 2.4 Translocations


You had 6 spell levels left.
You didn't know any spells.
Your spell library contained the following spells:

 Spells                   Type           Power      Damage    Failure   Level
 Blink                    Tloc           14%        N/A       19%         2
 Gell's Gravitas          Tloc           7%         N/A       36%         3
 Lesser Beckoning         Tloc           7%         N/A       36%         3
 Teleport Other           Tloc           7%         N/A       36%         3
 Manifold Assault         Tloc           7%         N/A       98%         5

Inventory:

Hand Weapons
 e - a +0 whip
 Y - a +0 hand axe (weapon)
Armour
 b - a +0 leather armour (worn)
Scrolls
 a - a scroll of silence {unknown}
 c - a scroll of summoning {unknown}
 f - a scroll of immolation {unknown}
Potions
 d - a potion of cancellation {unknown}
 g - a potion of haste {unknown}

Dungeon Overview and Level Annotations

Branches:
Dungeon (2/15)

Altars:


Message History

You hit the adder but do no damage. The adder bites you.
You closely miss the adder.
The adder is lightly wounded.
The adder barely misses you.
The giant cockroach waves its antennae.
The adder bites you but does no damage.
You completely miss the adder.
The adder is lightly wounded.
You closely miss the kobold. You barely miss the worm.
The kobold hits you with a +0 club. The adder barely misses you.
You miss the adder.
The adder is lightly wounded.
You hit the worm but do no damage. You hit the kobold.
You kill the kobold!
The adder misses you. The worm closely misses you.
You hit the adder but do no damage.
The adder is lightly wounded.
You hit the giant cockroach. You hit the worm.
The adder bites you but does no damage. The giant cockroach closely misses you.
The worm bites you. The adder bites you but does no damage.
The giant cockroach bites you but does no damage.
You barely miss the giant cockroach.
You claw the giant cockroach, but do no damage.
The giant cockroach is moderately wounded.
You barely miss the worm. You closely miss the adder. The adder bites you.
The giant cockroach bites you but does no damage.
You barely miss the giant cockroach.
The giant cockroach is moderately wounded.
You hit the worm. You hit the adder. The adder closely misses you.
The giant cockroach bites you. The worm bites you.
The adder closely misses you.
You hit the adder but do no damage. Your kick misses the adder.
Your peck misses the adder.
The adder is heavily wounded.
You hit the worm. You barely miss the giant cockroach.
The giant cockroach bites you but does no damage.
The adder closely misses you. The worm bites you!
You die...

#.##...#
#(##...#
#.##...#
#.##...#
##.##...#
#..##...####
#..........###
##w..#####P....
#.B@#.....#...
#...S#%#####P#
. #...#.#.....#
#..#.# #####.#
#..#S #..B # ..
.. #.#


You could see a worm, an adder and a giant cockroach.

Vanquished Creatures
  An adder (D:2)
  A dart slug (D:2)
  3 ball pythons (D:1)
  2 endoplasms (D:1)
  3 giant cockroaches (D:1)
  A goblin (D:1)
  6 jackals (D:1)
  3 kobolds
  A quokka (D:1)
  3 bats
  2 frilled lizards (D:2)
  2 rats (D:1)
28 creatures vanquished.

Notes
Turn   | Place    | Note
-------+----------+-------------------------------------------
     0 | D:1      | qw the Tengu Warper began the quest for the Orb.
     0 | D:1      | Reached XP level 1. HP: 12/12 MP: 4/4
     0 | D:1      | 0 ||| qw: Version: 0.1-a-89-g26bdef1
     0 | D:1      | 0 ||| qw: Game counter: 2733
     0 | D:1      | 0 ||| qw: Always use a shield: true
     0 | D:1      | 0 ||| qw: God list: Okawaru
     0 | D:1      | 0 ||| qw: Allow faded altars: false
     0 | D:1      | 0 ||| qw: Do Orc after D:15 true
     0 | D:1      | 0 ||| qw: Do second Lair branch before Depths: true
     0 | D:1      | 0 ||| qw: Lair rune preference: random
     0 | D:1      | 0 ||| qw: Plans: Normal
     0 | D:1      | 0 ||| PLANNING D:1-11
   226 | D:1      | 226 ||| Stepping ~*~*~tactically~*~*~ (stealth).
   233 | D:1      | Reached XP level 2. HP: 16/17 MP: 6/6
   242 | D:1      | 242 ||| Stepping ~*~*~tactically~*~*~ (stealth).
   243 | D:1      | 243 ||| Stepping ~*~*~tactically~*~*~ (stealth).
   275 | D:1      | 275 ||| Stepping ~*~*~tactically~*~*~ (stealth).
   278 | D:1      | Reached skill level 3 in Axes
   808 | D:1      | 808 ||| Stepping ~*~*~tactically~*~*~ (stealth).
   810 | D:1      | 810 ||| Stepping ~*~*~tactically~*~*~ (stealth).
   825 | D:1      | Reached XP level 3. HP: 17/21 MP: 7/7
  1084 | D:1      | 1084 ||| READING scroll labelled KUMYITUMYSO.
  1088 | D:1      | 1088 ||| DRINKING 3 murky coppery potions.
  1089 | D:1      | 1089 ||| DROPPING scroll of blinking.
  1090 | D:1      | 1090 ||| DROPPING 2 potions of attraction.
  1235 | D:2      | 1235 ||| Stepping ~*~*~tactically~*~*~ (hiding).
  1337 | D:2      | 1337 ||| Stepping ~*~*~tactically~*~*~ (hiding).
  1338 | D:2      | 1338 ||| Stepping ~*~*~tactically~*~*~ (hiding).
  1346 | D:2      | Reached skill level 4 in Axes
  1364 | D:2      | 1364 ||| Stepping ~*~*~tactically~*~*~ (stealth).
  1366 | D:2      | 1366 ||| Stepping ~*~*~tactically~*~*~ (stealth).
  1377 | D:2      | Slain by a worm

Levels and vault maps discovered:
D:1:      dpeg_arrival_houses_and_road, layout_basic
D:2:      layout_basic, shapermc_ecumenical_altar_rom_forum, serial_shops, shop

Skill      XL: |  1  2  3 |
---------------+----------+-----
Axes           | 3 4 |  4.2
Fighting       | |  2.0
Throwing       | |  1.0
Armour         | |  1.1
Dodging        | |  2.1
Spellcasting   | |  2.0
Translocations | |  2.4

Action                   || total
-------------------------++-------
Melee: Hand axe          ||    67
       Kick              ||    11
       Peck              ||     7
       Punch             ||     1
Throw: Boomerang         ||     7
  Use: Scroll            ||     1
       Potion            ||     1
 Stab: Sleeping          ||     2
Armor: Leather armour    ||    28
Dodge: Dodged            ||    49

Table legend:
 A = Non-vault XP
 B = Vault XP
 C = Vault XP percentage of total XP
 D = Non-vault monster count
 E = Vault monster count
 F = Vault count percentage of total count
                 A         B        C        D         E       F
            +---------+---------+-------+---------+---------+-------
      Total |      59 |       0 |   0.0 |      28 |       0 |   0.0
            +---------+---------+-------+---------+---------+-------
        D:1 |      37 |       0 |   0.0 |      21 |       0 |   0.0
        D:2 |      22 |       0 |   0.0 |       7 |       0 |   0.0
            +---------+---------+-------+---------+---------+-------
